 Dungeon Crawl Stone Soup version 0.21.1-1-g345015f (webtiles) character file.

71 Kairos the Charmwright (level 4, -1/34 HPs)
             Began as a Human Skald on Mar 26, 2018.
             Slain by an adder (4 damage)
             ... on level 2 of the Dungeon.
             The game lasted 00:04:14 (1474 turns).

Kairos the Charmwright (Human Skald)                Turns: 1474, Time: 00:04:15

Health: -1/34      AC:  3    Str: 12    XL:     4   Next: 47%
Magic:  5/7        EV: 11    Int: 14    God:
Gold:   92         SH:  0    Dex: 12    Spells: 6/7 levels left

rFire    . . .     SeeInvis .   a - +0 mace
rCold    . . .     Gourm    .   (no shield)
rNeg     . . .     Faith    .   n - +0 ring mail (curse)
rPois    +         Spirit   .   (no helmet)
rElec    .         Reflect  .   (no cloak)
rCorr    .         Harm     .   (no gloves)
MR       .....                  (no boots)
Stlth    +.........             (no amulet)
HPRegen  0.11/turn              e - ring of poison resistance
MPRegen  0.10/turn              o - -2 ring of protection (curse)

@: lethally poisoned (-1 -> -5), infused
A: no striking features
a: no special abilities


You were on level 2 of the Dungeon.
You were not hungry.

You visited 1 branch of the dungeon, and saw 2 of its levels.

You collected 92 gold pieces.

Inventory:

Hand Weapons
 a - a +0 mace (weapon)
Armour
 b - a +0 leather armour
 l - a +0 ring mail
 n - a cursed +0 ring mail (worn)
Jewellery
 e - a ring of poison resistance (left hand)
 h - an uncursed amulet of faith
 j - an uncursed ring of stealth
 m - a +2 ring of intelligence
 o - a cursed -2 ring of protection (right hand)
 q - an uncursed ring of protection from cold {unknown}
Scrolls
 i - a scroll of identify {unknown}
 k - 2 scrolls of teleportation {unknown}
 p - a scroll of remove curse {unknown}
Potions
 f - a potion of curing
 g - a potion of brilliance {unknown}
Books
 c - a book of Battle

   Spells                             Type                      Level
   a - Infusion                       Charms                       1
   b - Shroud of Golubria             Charms/Translocation         2
   c - Song of Slaying                Charms                       2
   d - Spectral Weapon                Hexes/Charms                 3
   e - Regeneration                   Charms/Necromancy            3
Comestibles
 d - 3 rations


   Skills:
 + Level 2.4 Fighting
 + Level 3.1 Maces & Flails
 + Level 1.5 Armour
 + Level 2.3 Dodging
 + Level 0.1 Stealth
 + Level 2.1 Spellcasting
 + Level 3.3 Charms


You had 6 spell levels left.
You knew the following spells:

 Your Spells              Type           Power        Failure   Level  Hunger
a - Infusion              Chrm           ##..         13%         1    ##.....


Dungeon Overview and Level Annotations

Branches:
Dungeon (2/15)

Altars:


Message History

* * * LOW HITPOINT WARNING * * *
Your ring mail prevents you from hitting the adder.
The adder is severely wounded.
The adder bites you.
* * * LOW HITPOINT WARNING * * *
The adder bites you but does no damage.
You miss the adder.
The adder is severely wounded.
The adder bites you.
* * * LOW HITPOINT WARNING * * *
The adder barely misses you.
You barely miss the adder.
The adder is severely wounded.
The adder bites you.
* * * LOW HITPOINT WARNING * * *
It was a potion of curing.
You feel better. The adder bites you.
* * * LOW HITPOINT WARNING * * *
You are lethally poisoned!
The adder poisons you! The adder bites you.
You die...

.#......# #†.. .#......#
#... .#.#################
#... .#.................#
##.. .####............#
#.. .#...............#
#.. .#..†............#
### .####..........#.#
...............+@#+###...
####...........##S.......
#...........##r.?..>..
#...........##........
#...........##........
#.....########.......!
#.....# #..%..... #.....#
#........ #.....#
#........


You could see an adder and a rat.

Vanquished Creatures
  An adder (D:2)
  2 oozes
  2 dart slugs
  2 leopard geckos (D:1)
  4 bats (D:1)
  3 giant cockroaches (D:1)
  4 goblins
  5 hobgoblins
  3 jackals (D:2)
  A quokka (D:2)
  8 frilled lizards
  6 kobolds
  9 rats
50 creatures vanquished.

Notes
Turn   | Place    | Note
-------+----------+-------------------------------------------
     0 | D:1      | Kairos the Human Skald began the quest for the Orb.
     0 | D:1      | Reached XP level 1. HP: 16/16 MP: 3/3
   254 | D:1      | Reached XP level 2. HP: 22/22 MP: 5/5
   549 | D:1      | Reached XP level 3. HP: 26/27 MP: 6/6
  1221 | D:2      | Reached XP level 4. HP: 30/34 MP: 7/7
  1473 | D:2      | HP: 1/34 [adder (1)]
  1474 | D:2      | Slain by an adder

Skill      XL: |  1  2  3  4 |
---------------+-------------+-----
Maces & Flails | 3 |  3.1
Fighting       | |  2.4
Armour         | |  1.5
Dodging        | |  2.3
Stealth        | |  0.1
Spellcasting   | |  2.1
Charms         | |  3.3

Action                   |  1- 3 |  4- 6 || total
-------------------------+-------+-------++-------
Melee: Mace              |    91 |    44 ||   135
 Cast: Infusion          |       |     1 ||     1
  Use: Potion            |       |     1 ||     1
 Stab: Sleeping          |     2 |     2 ||     4
  Eat: Chunk             |     1 |     1 ||     2
Armor: Leather armour    |    33 |       ||    33
       Ring mail         |     4 |    14 ||    18
Dodge: Dodged            |    67 |    38 ||   105
